 Dungeon Crawl Stone Soup version 0.26-a0-712-ga5a9c9c9d0 (webtiles) character file.

Game seed: 2041399626844539629

149 Lanoc the Cudgeler (level 5, -3/28 HPs)
             Began as a Vine Stalker Chaos Knight on Nov 8, 2020.
             Was a Plaything of Xom.
             Shot with an arrow by a centaur (7 damage)
             ... on level 3 of the Dungeon.
             The game lasted 00:03:06 (1915 turns).

Lanoc the Cudgeler (Vine Stalker Chaos Knight)      Turns: 1915, Time: 00:03:07

Health: -3/28      AC:  7    Str: 14    XL:     5   Next: 31%
Magic:  0/6        EV: 12    Int: 12    God:    Xom [.*....]
Gold:   141        SH:  0    Dex: 15    Spells: 4/4 levels left

rFire    . . .     SeeInvis .   a - +0 mace (chaos)
rCold    . . .     Faith    .   (no shield)
rNeg     . . .     Spirit   +   b - +3 leather armour
rPois    .         Reflect  .   (no helmet)
rElec    .         Harm     .   (no cloak)
rCorr    .         Rampage  .   f - +0 pair of gloves
MR       .....                  (no boots)
Stlth    +.........             (no amulet)
HPRegen  0.49/turn              (no ring)
MPRegen  0.10/turn              (no ring)

@: no status effects
A: fangs 2, regeneration 1, magic shield, antimagic bite, no potion heal 3, rot
immunity
a: Renounce Religion


You were on level 3 of the Dungeon.
You worshipped Xom.
You were a plaything of Xom.
You visited 1 branch of the dungeon, and saw 3 of its levels.

You collected 141 gold pieces.

Inventory:

Hand Weapons
 a - a +0 mace of chaos (weapon)
Armour
 b - a +3 leather armour (worn)
 f - a +0 pair of gloves (worn)
Scrolls
 c - a scroll of enchant armour
 g - a scroll of teleportation {unknown}
 h - a scroll of remove curse {unknown}
 k - a scroll of magic mapping {unknown}
Potions
 e - a potion of mutation {unknown}
 i - a potion of resistance {unknown}
 j - a potion of heal wounds {unknown}
 l - a potion of invisibility {unknown}
 m - a potion of haste
 n - 3 potions of stabbing {unknown}


   Skills:
 + Level 3.3 Fighting
 * Level 3.9 Maces & Flails
 + Level 2.3 Armour
 + Level 1.8 Dodging


You had 4 spell levels left.
You didn't know any spells.
Your spell library was empty.

Dungeon Overview and Level Annotations

Branches:
Dungeon (2/15)

Altars:


Innate Abilities, Weirdness & Mutations

You have extremely sharp teeth.
Your natural rate of healing is unusually fast.
When hurt, damage is shared between your health and your magic reserves.
Your bite disrupts and absorbs the magic of your enemies.
Potions cannot restore your health.
You are immune to rotting.


Message History

The centaur shouts!
The centaur drinks a potion.
The centaur seems to speed up.
Found a scroll labeled OSAHUY LATE.
You see here a +0 halberd.
The centaur wields a +0 shortbow.
The centaur shoots an arrow.
The arrow hits you!
Things that are here:
an arrow; a +0 whip; a gnoll corpse
As you read the scroll labeled WEGRUD FIMP, it crumbles to dust.
The creatures around you are filled with an inner flame!
It was a scroll of immolation.
The centaur shoots an arrow.
The arrow hits you but does no damage.
As you read the scroll labeled SITARAYRAI, it crumbles to dust.
It is a scroll of enchant armour.
Your +2 leather armour glows green for a moment.
The centaur shoots an arrow.
The arrow hits you!
* * * LOW HITPOINT WARNING * * *
The centaur shoots an arrow.
The arrow hits you!
You die...
Xom cackles wildly!

##........##...##
#####........)..#
......######.##..... ?
############......... ..
..............######. ...
..#######....## ....
#....###..##########.....
####.†.......†)†......c..
####.####...†@).......
#.# #..........### ..#
#..........#
..###............... ..#
...#..........### #..
...##..........# ... ##.
#..........# #.. #
...........#


You could see a centaur (fast, inner flame).

Vanquished Creatures
  An orc priest (D:2)
  An orc wizard (D:2)
  3 gnolls (D:3)
  An adder (D:3)
  An ooze (D:3)
  2 worms
  A dart slug (D:1)
  A leopard gecko (D:2)
  An orc (D:1)
  8 bats
  3 giant cockroaches (D:2)
  5 goblins
  5 hobgoblins
  2 jackals (D:1)
  3 kobolds
  3 frilled lizards
  2 rats (D:1)
43 creatures vanquished.

Notes
Turn   | Place    | Note
-------+----------+-------------------------------------------
     0 | D:1      | Lanoc the Vine Stalker Chaos Knight began the quest for the
                  | Orb.
     0 | D:1      | Reached XP level 1. HP: 11/11 MP: 2/2
     5 | D:1      | XOM: silly message
    50 | D:1      | Reached skill level 1 in Dodging
    50 | D:1      | Reached XP level 2. HP: 16/16 MP: 3/3
   736 | D:2      | XOM: divination: detect creatures
   749 | D:1      | Reached XP level 3. HP: 7/19 MP: 1/4
   924 | D:1      | XOM: cloud trail
  1147 | D:1      | XOM: silly message
  1675 | D:2      | Gained mutation: Your natural rate of healing is unusually
                  | fast. [Vine Stalker growth]
  1675 | D:2      | Reached XP level 4. HP: 22/24 MP: 5/5
  1689 | D:2      | XOM: torment (15/24 hp)
  1792 | D:2      | You fall into a shaft and drop 1 floor!
  1827 | D:3      | XOM: noise
  1833 | D:3      | XOM: chaos upgrade
  1886 | D:3      | Reached XP level 5. HP: 25/28 MP: 6/6
  1900 | D:3      | XOM: enchant monster (bad)
  1902 | D:3      | XOM: enchant monster (good)
  1912 | D:3      | Noticed a centaur
  1915 | D:3      | Shot with an arrow by a centaur

Illustrated notes

Levels and vault maps discovered:
D:1:      mrwooster_arrival_statue_2, layout_rooms
D:2:      layout_loops_ring
D:3:      layout_rooms, okawaru_ov_weapons_minmay

Skill      XL: |  1  2  3 |
---------------+----------+-----
Dodging        | 1 |  1.8
Maces & Flails | 3 |  3.9
Fighting       | 3 |  3.3
Armour         | 2 |  2.3

Action                   |  1- 3 |  4- 6 || total
-------------------------+-------+-------++-------
Melee: Mace              |    69 |    65 ||   134
       Bite              |    14 |    16 ||    30
  Use: Scroll            |       |     2 ||     2
 Stab: Confused          |     1 |       ||     1
Armor: Leather armour    |    33 |    42 ||    75
Dodge: Dodged            |    47 |    71 ||   118

Table legend: (Time is in decaauts)
 A = Elapsed time spent in this place.
 B = Non-inter-level travel time spent in this place.
 C = Inter-level travel time spent in this place.
 D = Time resting spent in this place.
 E = Time spent auto-exploring this place.
 F = Levels seen in this place.
 G = Mean time per level.
                   A        B        C        D        E       F      G
               +--------+--------+--------+--------+--------+-----+--------+
         Total |   1954 |   1910 |     44 |    512 |    971 |   3 |  651.3 |
       Dungeon |   1954 |   1910 |     44 |    512 |    971 |   3 |  651.3 |
               +--------+--------+--------+--------+--------+-----+--------+

Top non-repeatable levels by time:
     D:1: 1258 daAuts
     D:2: 565 daAuts
     D:3: 131 daAuts
